 Dungeon Crawl Stone Soup version 0.29.1 (webtiles) character file.

Game seed: 15362486940281952972

3482 Lremus the Cleaver (level 10, -1/90 HPs)
             Began as a Hill Orc Fighter on Sept 12, 2022.
             Was an Initiate of Makhleb.
             Killed from afar by a gargoyle (17 damage)
             ... with a stone arrow
             ... on level 7 of the Dungeon.
             The game lasted 00:14:47 (6981 turns).

Lremus the Cleaver (Hill Orc Fighter)               Turns: 6981, Time: 00:14:47

Health: -1/90      AC: 13    Str: 24    XL:     10   Next: 7%
Magic:  10/10      EV:  6    Int:  8    God:    Makhleb [......]
Gold:   404        SH:  5    Dex: 10    Spells: 9/9 levels left

rFire   . . .      SeeInvis .   a - +11 whip of Scorn {freeze, rCorr}
rCold   . . .      Faith    .   c - +0 buckler
rNeg    + . .      Spirit   .   n - +0 plate armour
rPois   .          Reflect  .   (no helmet)
rElec   .          Harm     .   (no cloak)
rCorr   +          Rampage  .   (no gloves)
Will    .....                   (no boots)
Stlth   ..........              O - amulet of the acrobat
HPRegen 0.25/turn               m - +4 ring of slaying
MPRegen 0.12/turn               M - ring of positive energy

@: no status effects
A: no striking features
a: Renounce Religion


You were on level 7 of the Dungeon.
You worshipped Makhleb.
Makhleb was noncommittal.
You visited 2 branches of the dungeon, and saw 8 of its levels.

You collected 404 gold pieces.

Inventory:

Hand Weapons
 a - the +11 whip of Scorn (weapon) {freeze, rCorr}
   (You found it on level 4 of the Dungeon)

   It freezes those it strikes, dealing additional cold damage.
   It can also slow down cold-blooded creatures.
   rCorr:     It protects you from acid and corrosion.
 b - a +0 sling
 v - a +0 war axe
 N - a +3 war axe
Missiles
 h - 84 stones (quivered)
 r - 9 poisoned darts
 B - 8 boomerangs
 J - a curare-tipped dart
Armour
 c - a +0 buckler (worn)
 n - a +0 plate armour (worn)
 t - a +1 chain mail of fire resistance
 D - a +0 cloak
Jewellery
 i - a ring of ice
 m - a +4 ring of slaying (left hand)
 K - a ring of fire
 M - a ring of positive energy (right hand)
 O - an amulet of the acrobat (around neck)
Wands
 q - a wand of flame (22)
 E - a wand of paralysis (8)
 L - a wand of light (5)
Scrolls
 d - 4 scrolls of teleportation {unknown}
 e - a scroll of silence
 l - a scroll of vulnerability {unknown}
 u - a scroll of fear {unknown}
 w - a scroll of torment {unknown}
 x - 2 scrolls of brand weapon {unknown}
 y - a scroll of enchant armour {unknown}
 A - 2 scrolls of summoning {unknown}
 C - 2 scrolls of noise {unknown}
 F - a scroll of acquirement {unknown}
 H - a scroll of immolation {unknown}
 I - a scroll of poison {unknown}
Potions
 f - 4 potions of attraction {unknown}
 g - 2 potions of lignification {unknown}
 j - a potion of invisibility {unknown}
 k - 2 potions of flight
 o - 3 potions of curing
 p - a potion of magic {unknown}
 s - a potion of degeneration {unknown}
 z - a potion of haste {unknown}
 G - a potion of ambrosia {unknown}


   Skills:
 + Level 8.7 Fighting
 - Level 10.1 Axes
 + Level 7.9 Armour
 + Level 7.9 Shields
 - Level 3.1 Evocations


You had 9 spell levels left.
You didn't know any spells.
Your spell library contained the following spells:

 Spells                   Type           Power      Damage    Failure   Level
 Apportation              Tloc           0%         N/A       100%        1
 Slow                     Hex            0%         N/A       100%        1
 Confusing Touch          Hex            0%         N/A       100%        3
 Frozen Ramparts          Ice            0%         1d1       100%        3
 Vampiric Draining        Necr           0%         2d6       100%        3
 Animate Dead             Necr           0%         N/A       100%        4
 Ice Form                 Ice/Tmut       0%         N/A       100%        4
 Summon Ice Beast         Ice/Summ       0%         N/A       100%        4
 Alistair's Intoxication  Tmut/Pois      0%         N/A       100%        5
 Haunt                    Necr/Summ      0%         N/A       100%        7
 Infestation              Necr           0%         N/A       100%        8


Dungeon Overview and Level Annotations

Branches:
Dungeon (7/15)             Temple (1/1) D:7

Altars:
Cheibriados
Dithmenos
Elyvilon
Gozag
Hepliaklqana
Kikubaaqudgha
Makhleb
Nemelex Xobeh
Okawaru
Qazlal
Ru
Sif Muna
Trog
Uskayaw
Vehumet
Wu Jian
Zin
The Shining One


Message History

You whack the bullfrog!
The bullfrog seems to slow down.
You freeze the bullfrog.
You kill the bullfrog!
Makhleb accepts your kill.
Your life force feels restored.
No target in view!
A gargoyle comes into view. It is wielding a +0 flail.
Press: ? - help, . - travel You can't see that place. [the floor.]
You hit the gargoyle but do no damage. You hit the gargoyle but do no damage.
You block the gargoyle's attack.
You whack the gargoyle! You freeze the gargoyle.
The gargoyle is heavily damaged.
The gargoyle hits you with a +0 flail!
You hit the gargoyle but do no damage.
The gargoyle is heavily damaged.
The gargoyle hurls a stone arrow at you.
The stone arrow hits you!
You barely miss the gargoyle.
The gargoyle is heavily damaged.
The gargoyle hurls a stone arrow at you.
The stone arrow hits you!
You hit the gargoyle but do no damage.
The gargoyle is heavily damaged.
The gargoyle hits you with a +0 flail!
You hit the gargoyle but do no damage.
The gargoyle is heavily damaged.
The gargoyle hits you with a +0 flail!
* * * LOW HITPOINT WARNING * * *
You hit the gargoyle but do no damage.
The gargoyle is heavily damaged.
The gargoyle hurls a stone arrow at you.
The stone arrow hits you!
* * * LOW HITPOINT WARNING * * *
You hit the gargoyle but do no damage.
The gargoyle is heavily damaged.
The gargoyle hurls a stone arrow at you.
The stone arrow hits you!
You die...

......#...
###.##...###.###.####.
#####.##.
#.#..#..............
..
#.#....###.###.P...P
## #.#.#.## #.#
##..>.. #.#.#.# #.#
#.....
..####.#.#.####.#
#...[P
.....)..........#
####[#
.......9...###### #.#
######.#@### #.. #.#.#
### #.#.# #.#.# #9#..
#### ...## #... ...
#.## . #.# ### #.#


You could see a gargoyle.

Vanquished Creatures
  Pikel (D:4)
  Sigmund (D:2)
  4 water moccasins
  5 black bears
  2 sky beasts (D:6)
  An ice beast (D:6)
  2 ogres
  A phantom (D:7)
  A kobold brigand (D:6)
  3 bullfrogs
  2 necrophages
  2 scorpions
  4 wights (D:7)
  3 orc priests
  2 hounds (D:5)
  4 jellies
  Terence (D:3)
  2 iguanas
  3 orc wizards
  Robin (D:2)
  16 gnolls
  5 adders
  3 white imps
  2 worms
  22 orcs
  8 endoplasms
  2 giant cockroaches (D:3)
  15 goblins
  12 hobgoblins
  9 kobolds
  7 quokkas
  12 ball pythons
  8 bats
  9 frilled lizards
  5 rats
180 creatures vanquished.

Notes
Turn   | Place    | Note
-------+----------+-------------------------------------------
     0 | D:1      | Lremus the Hill Orc Fighter began the quest for the Orb.
     0 | D:1      | Reached XP level 1. HP: 19/19 MP: 1/1
    38 | D:1      | Reached skill level 3 in Axes
   197 | D:1      | Reached XP level 2. HP: 24/26 MP: 2/2
   291 | D:1      | Reached skill level 4 in Axes
   608 | D:1      | You fall into a shaft and drop 1 floor!
   659 | D:2      | Reached XP level 3. HP: 31/31 MP: 3/3
   677 | D:2      | Noticed Robin
   693 | D:2      | Killed Robin
   694 | D:2      | Reached skill level 5 in Axes
  1427 | D:2      | Noticed Sigmund
  1434 | D:2      | Killed Sigmund
  1435 | D:2      | Reached skill level 7 in Axes
  1435 | D:2      | Reached XP level 4. HP: 32/39 MP: 4/4
  1435 | D:2      | Reached XP level 5. HP: 37/45 MP: 5/5
  1846 | D:2      | Reached skill level 8 in Axes
  1846 | D:2      | Reached XP level 6. HP: 51/51 MP: 6/6
  1972 | D:2      | Found a faded altar of an unknown god.
  2338 | D:3      | Found a radiant altar of Vehumet.
  2688 | D:3      | Noticed Terence
  2700 | D:3      | Killed Terence
  2838 | D:4      | Reached skill level 9 in Axes
  3005 | D:4      | Reached XP level 7. HP: 52/57 MP: 7/7
  3048 | D:4      | Reached skill level 10 in Axes
  3243 | D:4      | Identified the +11 whip of Scorn {freeze, rCorr}
  3371 | D:4      | Noticed Pikel
  3382 | D:4      | Killed Pikel
  3383 | D:4      | Reached skill level 5 in Fighting
  3383 | D:4      | Reached XP level 8. HP: 63/68 MP: 8/8
  3523 | D:4      | Reached skill level 5 in Shields
  3644 | D:5      | Entered Level 5 of the Dungeon
  3787 | D:5      | Reached skill level 5 in Armour
  4217 | D:5      | Identified the +3 robe of Starshine {rF+}
  5036 | D:5      | Reached XP level 9. HP: 72/78 MP: 9/9
  5368 | D:5      | Found an iron altar of Okawaru.
  5447 | D:6      | Reached skill level 1 in Evocations
  6546 | D:7      | Found a staircase to the Ecumenical Temple.
  6568 | Temple   | Entered the Ecumenical Temple
  6582 | Temple   | Became a worshipper of Makhleb the Destroyer
  6704 | D:7      | Reached XP level 10. HP: 73/86 MP: 10/10
  6967 | D:7      | Noticed a gargoyle
  6981 | D:7      | Killed from afar by a gargoyle

Illustrated notes

Levels and vault maps discovered:
D:1:      nicolae_arrival_somewhat_less_tricky_arrival, layout_basic,
          minmay_door_square
D:2:      layout_loops_ring, hellmonk_ecumenical_altar_prayer_group, uniq_robin,
          uniq_sigmund
D:3:      layout_loops_cross, vehumet_altar_wand_db, uniq_terence
D:4:      layout_rooms, uniq_pikel
D:5:      layout_loops_corners, okawaru_altar_gauntlet_db,
          hangedman_decor_points, minmay_misc_feat_nine_boxes,
          minmay_fractal_squares_gapless_5
D:6:      layout_loops_ring
D:7:      layout_loops_ring, minmay_temple_entry_overgrown,
          dreamdust_mushroom_princess, roderic_lattice_a, nzn_random_ring
Temple:   lightli_temple_of_artemis

Skill      XL: |  1  2  3  4  5  6  7  8  9 |
---------------+----------------------------+-----
Axes           | 3 4 7 8 9 10 | 10.1
Fighting       | 5 6 8 |  8.7
Armour         | 4 6 7 |  7.9
Shields        | 4 6 7 |  7.9
Evocations     | 3 |  3.1

Action                   |  1- 3 |  4- 6 |  7- 9 | 10-12 || total
-------------------------+-------+-------+-------+-------++-------
Melee: War axe           |    97 |    98 |    19 |       ||   214
       Whip              |       |       |   210 |    19 ||   229
 Fire: Sling             |       |       |    12 |       ||    12
  Use: Potion            |     1 |       |     1 |       ||     2
       Scroll            |       |       |     3 |       ||     3
Armor: Scale mail        |    10 |       |       |       ||    10
       Chain mail        |    46 |    16 |       |       ||    62
       Plate armour      |       |    37 |    87 |       ||   124
Dodge: Dodged            |    35 |    22 |    52 |     1 ||   110
Block: Buckler           |    16 |    12 |    38 |     3 ||    69
